Panthers vs Bruins (R3)

Created - 13 février 2017 at 19:50

Goals
1 2 3 OT1 SO T
Panthers 2 1 2 0 1 6
Bruins 3 1 1 0 0 5
Shots
1 2 3 OT1 SO T
Panthers 18 6 4 3 3 31
Bruins 13 5 7 0 3 25

1st period

1. Bruins , Wojtek Wolski 29 (Henrik Sedin) at 0:10
2. Bruins , Wojtek Wolski 30 (Henrik Sedin, Nate Prosser) at 3:52
3. Bruins , Chris Kelly 10 (Adam Pineault) at 4:04
4. Panthers , Guillaume Latendresse 22 (Matthew Spiller) at 13:34
5. Panthers , Marian Hossa 14 (Keith Ballard, Sidney Crosby) at 14:27

Penalties :
Matthew Spiller (Flo) for Roughing (Minor) at 6:34, Nick Schultz (Flo) for Hooking (Minor) at 19:15

2nd period

6. Bruins , Victor Oreskovich 16 (Henrik Sedin, Andrew Alberts) at 0:44 (PP)
7. Panthers , Marian Hossa 15 (Oliver Ekman-Larsson, Sidney Crosby) at 19:54 (PP)

Penalties :
Chris Kelly (Bos) for Hooking (Minor) at 0:57, Keith Aulie (Flo) for Kneeing (Minor) at 4:40, Nate Prosser (Bos) for Goalie Interference (Minor) at 9:20, Alexander Perezhogin (Flo) for Roughing (Minor) at 11:31, Wojtek Wolski (Bos) for Hooking (Minor) at 16:32, Jonathan Sigalet (Bos) for Hooking (Minor) at 19:35

3rd period

8. Bruins , Chris Kelly 11 (Jason Demers) at 0:40 (PP)
9. Panthers , Guillaume Latendresse 23 (Sidney Crosby, Marian Hossa) at 1:43 (PP)
10. Panthers , Marian Hossa 16 (Sidney Crosby, Keith Kinkaid) at 3:15 (PP)

Penalties :
Marian Hossa (Flo) for Holding Stick (Minor) at 0:14, Andrew Alberts (Bos) for Roughing (Minor) at 1:34, Henrik Sedin (Bos) for Elbowing (Minor) at 2:02, Steve Montador (Flo) for Hooking (Minor) at 7:51, Alexander Perezhogin (Flo) for Slashing (Minor) at 16:39

Overtime #1

No Goal

Penalties :
No Penalty

Shootout

Penalty Shot by Sidney Crosby for Panthers - Goal!
Penalty Shot by Wojtek Wolski for Bruins - Stopped by Keith Kinkaid
Penalty Shot by Sergei Samsonov for Panthers - Shot Misses the Net
Penalty Shot by Henrik Sedin for Bruins - Stopped by Keith Kinkaid
Penalty Shot by Peter Prucha for Panthers - Stopped by Karri Ramo
Penalty Shot by Daniel Sedin for Bruins - Shot Misses the Net

Penalties :
No Penalty

Goalie Stats

Antti Niemi (Flo), 10 saves from 14 shots - (0,714), 20:44 minutes
Keith Kinkaid (Flo), 10 saves from 11 shots - (0,909), W, 2-2-0, 44:16 minutes
Karri Ramo (Bos), 26 saves from 31 shots - (0,839), OTL, 6-6-2, 65:00 minutes

Players Stats for Panthers

Player Name              G  A  P  +/- PIM S  H  SB GA TA FO     MP     PP MP  PK MP  
------------------------------------------------------------------------------------
Alexander Perezhogin     0  0  0   0  4   1  0  0  0  0  0/0    11:55   0:01   0:00 
Guillaume Latendresse    2  0  2   0  0   4  2  0  1  1  1/3    26:03   4:53   6:35 
Jeff Tambellini          0  0  0   0  0   5  2  0  0  0  0/0    15:03   0:01   1:34 
Keith Aulie              0  0  0   1  2   0  4  0  0  2  0/0    22:13   2:11   3:07 
Keith Ballard            0  1  1   0  0   2  0  1  0  0  0/0    14:27   0:00   3:10 
Marian Hossa             3  1  4   0  2   5  3  0  0  0  1/2    18:48   4:53   0:00 
Matt Halischuk           0  0  0   0  0   0  0  0  0  0  0/1     5:38   0:00   0:00 
Matthew Spiller          0  1  1   1  2   1  1  1  0  1  0/0    24:41   2:11   6:33 
Mike Fisher              0  0  0   0  0   1  0  0  2  0  1/1     6:46   0:00   0:00 
Nick Schultz             0  0  0   0  2   0  0  0  0  0  0/0    10:25   0:00   0:00 
Oliver Ekman-Larsson     0  1  1  -2  0   0  2  0  0  2  0/0    28:54   5:27   5:00 
Peter Prucha             0  0  0  -1  0   0  0  1  0  0  0/0    12:55   2:44   0:00 
Ryan Bayda               0  0  0   0  0   1  0  0  0  0  0/1     8:31   0:01   1:48 
Scott Gomez              0  0  0  -1  0   5  3  0  0  0  6/11   18:27   2:44   3:35 
Sergei Samsonov          0  0  0  -1  0   0  2  1  1  0  0/0    16:40   2:44   3:35 
Shawn Horcoff            0  0  0   0  0   0  3  0  1  0  4/7    11:01   0:00   0:00 
Sidney Crosby            0  4  4   0  0   4  1  1  0  1  14/37  26:01   4:53   6:33 
Steve Montador           0  0  0  -2  2   2  2  2  0  2  0/0    29:35   5:27   5:50 

Players Stats for Bruins

Player Name              G  A  P  +/- PIM S  H  SB GA TA FO     MP     PP MP  PK MP  
------------------------------------------------------------------------------------
Adam Pineault            0  1  1   1  0   0  1  1  1  1  0/0    17:01   5:02   0:00 
Andrew Alberts           0  1  1   2  2   0  2  2  1  0  0/0    31:11   7:28   4:34 
Chris Kelly              2  0  2   1  2   3  2  0  1  0  10/16  18:44   5:02   0:52 
Curtis Glencross         0  0  0   0  0   0  0  0  0  0  0/2     6:28   0:44   2:12 
Daniel Sedin             0  0  0   1  0   3  1  0  0  1  0/0    19:40   5:02   1:30 
Dave Bolland             0  0  0  -1  0   1  1  0  1  0  0/4    12:17   0:00   0:03 
Erik Condra              0  0  0  -1  0   1  1  1  0  0  2/2    12:34   0:11   0:00 
Henrik Sedin             0  3  3   1  2   4  3  1  1  0  18/22  27:07   6:09   3:20 
Jason Demers             0  1  1   2  0   1  1  1  0  1  0/0    31:12   7:28   4:34 
Jonathan Sigalet         0  0  0   0  2   1  1  0  0  0  0/0    21:51   4:22   3:04 
Justin Falk              0  0  0  -1  0   0  1  1  0  2  0/0    11:56   0:00   0:00 
Kris Chucko              0  0  0   0  0   0  0  0  0  0  0/0     2:19   0:17   0:00 
Mark Stuart              0  0  0   0  0   0  1  1  0  0  0/0    21:52   4:22   3:04 
Matt Cooke               0  0  0  -1  0   0  3  0  1  0  0/2    14:09   0:00   2:26 
Nate Prosser             0  1  1  -1  2   0  0  1  0  0  0/0    11:55   0:00   0:00 
Victor Oreskovich        1  0  1   1  0   2  7  2  0  0  0/1    21:10   6:32   1:30 
Viktor Stalberg          0  0  0   0  0   0  0  0  0  0  1/1     3:17   0:00   0:00 
Wojtek Wolski            2  0  2   1  2   9  0  1  3  0  5/13   27:33   6:31   3:23 

3 Stars

1 - Marian Hossa (Flo)
2 - Guillaume Latendresse (Flo)
3 - Victor Oreskovich (Bos)

Power Play

Panthers - 3 on 6 Attempt(s) - 50,00%
Bruins - 2 on 7 Attempt(s) - 28,57%

Penalty Kill

Panthers - 5 on 7 Attempt(s) - 71,43% - Score 0 goal in Penalty Kill
Bruins - 3 on 6 Attempt(s) - 50,00% - Score 0 goal in Penalty Kill

Team Stat

Panthers - Hits : 25 - Faceoff Wins : 27 - Blocked Shots : 7 - Penalty Minutes : 14
Bruins - Hits : 25 - Faceoff Wins : 36 - Blocked Shots : 12 - Penalty Minutes : 12

Official

Referees : Pollock Kevin and Banfield David
Linesman : Tony Sericolo and Derek Nansen

Game Notes

Keith Kinkaid enters game at 0:44 of 2nd period
Marian Hossa has scored a Hat Trick!
Matt Cooke is injured at 15:32 of 3rd period (Left Forearm)

Finance

Level 1 -- Attendance: 4397 (73,28%) -- Ticket Income 435 303 $
Level 2 -- Attendance: 3833 (76,66%) -- Ticket Income 226 147 $
Level 3 -- Attendance: 1788 (89,40%) -- Ticket Income 51 852 $
Level 4 -- Attendance: 4000 (100,00%) -- Ticket Income 76 000 $
Luxury Box -- Attendance: 683 (68,30%) -- Ticket Income 129 087 $
Game was played at the TD Banknorth Garden.
Total Attendance: 14701 (81,67%)
Total Ticket Income: 918 389 $
Other Income: 137 758 $
Total Income: 1 056 147 $

Panthers

5 vs 5 Forward 
   Center                   Left Wing                Right Wing               Time % Phy DF OF 
 1 Sidney Crosby            Guillaume Latendresse    Marian Hossa             40     0   2  3  
 2 Scott Gomez              Sergei Samsonov          Peter Prucha             30     0   2  3  
 3 Shawn Horcoff            Jeff Tambellini          Alexander Perezhogin     20     1   2  2  
 4 Mike Fisher              Ryan Bayda               Matt Halischuk           10     1   2  2  

5 vs 5 Defense 
   Defense                  Defense                                           Time % Phy DF OF 
 1 Steve Montador           Oliver Ekman-Larsson                              40     0   2  3  
 2 Matthew Spiller          Keith Aulie                                       30     1   2  2  
 3 Keith Ballard            Nick Schultz                                      20     1   2  2  
 4 Steve Montador           Oliver Ekman-Larsson                              10     0   2  3  

PowerPlay Forward 
   Center                   Left Wing                Right Wing               Time % Phy DF OF 
 1 Sidney Crosby            Guillaume Latendresse    Marian Hossa             60     1   0  4  
 2 Scott Gomez              Sergei Samsonov          Peter Prucha             40     1   0  4  

PowerPlay Defense
   Defense                  Defense                                           Time % Phy DF OF 
 1 Steve Montador           Oliver Ekman-Larsson                              60     1   1  3  
 2 Matthew Spiller          Keith Aulie                                       40     1   1  3  

Penalty Kill 4 Players Forward 
   Center                   Wing                     Time % Phy DF OF 
 1 Sidney Crosby            Guillaume Latendresse    60     1   3  1  
 2 Scott Gomez              Sergei Samsonov          40     1   3  1  

Penalty Kill 4 Players Defense
   Defense                  Defense                  Time % Phy DF OF 
 1 Steve Montador           Matthew Spiller          60     1   4  0  
 2 Keith Aulie              Oliver Ekman-Larsson     40     1   3  1  

Penalty Kill - 3 Players Forward 
   Forward                                           Time % Phy DF OF 
 1 Scott Gomez                                       60     1   3  1  
 2 Sidney Crosby                                     40     1   3  1  

Penalty Kill - 3 Players Defense
   Defense                  Defense                  Time % Phy DF OF 
 1 Steve Montador           Matthew Spiller          60     1   3  1  
 2 Keith Aulie              Oliver Ekman-Larsson     40     1   3  1  

4 vs 4 Forward 
   Center                   Wing                     Time % Phy DF OF 
 1 Sidney Crosby            Guillaume Latendresse    60     0   2  3  
 2 Scott Gomez              Marian Hossa             40     0   2  3  

4 vs 4 Defense
   Defense                  Defense                  Time % Phy DF OF 
 1 Steve Montador           Oliver Ekman-Larsson     60     0   2  3  
 2 Matthew Spiller          Keith Aulie              40     1   2  2  

Last Minutes Offensive
   Center                   Left Wing                Right Wing               Defense                  Defense                  
   Sidney Crosby            Guillaume Latendresse    Peter Prucha             Steve Montador           Oliver Ekman-Larsson     

Last Minutes Defensive
   Center                   Left Wing                Right Wing               Defense                  Defense                  
   Scott Gomez              Guillaume Latendresse    Marian Hossa             Matthew Spiller          Steve Montador           

Goaltenders
Starting : Antti Niemi              
Backup : Keith Kinkaid            

Extra Forwards
Normal : Scott Gomez, Guillaume Latendresse, Marian Hossa - PP : Scott Gomez, Ryan Bayda - PK : Ryan Bayda
Extra Defensemen
Normal : Keith Aulie, Steve Montador, Oliver Ekman-Larsson - PP : Nick Schultz - PK : Oliver Ekman-Larsson, Steve Montador
Penalty Shots
Sidney Crosby, Sergei Samsonov, Peter Prucha, Marian Hossa, Jeff Tambellini

Bruins

5 vs 5 Forward 
   Center                   Left Wing                Right Wing               Time % Phy DF OF 
 1 Henrik Sedin             Wojtek Wolski            Victor Oreskovich        40     1   2  2  
 2 Chris Kelly              Daniel Sedin             Adam Pineault            30     1   2  2  
 3 Dave Bolland             Matt Cooke               Erik Condra              20     1   2  2  
 4 Wojtek Wolski            Viktor Stalberg          Henrik Sedin             10     1   2  2  

5 vs 5 Defense 
   Defense                  Defense                                           Time % Phy DF OF 
 1 Jason Demers             Andrew Alberts                                    40     1   2  2  
 2 Mark Stuart              Jonathan Sigalet                                  30     1   2  2  
 3 Nate Prosser             Justin Falk                                       20     1   2  2  
 4 Jason Demers             Andrew Alberts                                    10     1   2  2  

PowerPlay Forward 
   Center                   Left Wing                Right Wing               Time % Phy DF OF 
 1 Henrik Sedin             Wojtek Wolski            Victor Oreskovich        60     1   2  2  
 2 Chris Kelly              Daniel Sedin             Adam Pineault            40     1   2  2  

PowerPlay Defense
   Defense                  Defense                                           Time % Phy DF OF 
 1 Jason Demers             Andrew Alberts                                    60     1   2  2  
 2 Mark Stuart              Jonathan Sigalet                                  40     1   2  2  

Penalty Kill 4 Players Forward 
   Center                   Wing                     Time % Phy DF OF 
 1 Wojtek Wolski            Henrik Sedin             60     1   2  2  
 2 Daniel Sedin             Victor Oreskovich        40     1   2  2  

Penalty Kill 4 Players Defense
   Defense                  Defense                  Time % Phy DF OF 
 1 Jason Demers             Andrew Alberts           60     1   2  2  
 2 Mark Stuart              Jonathan Sigalet         40     1   2  2  

Penalty Kill - 3 Players Forward 
   Forward                                           Time % Phy DF OF 
 1 Wojtek Wolski                                     60     1   2  2  
 2 Henrik Sedin                                      40     1   2  2  

Penalty Kill - 3 Players Defense
   Defense                  Defense                  Time % Phy DF OF 
 1 Jason Demers             Andrew Alberts           60     1   2  2  
 2 Mark Stuart              Jonathan Sigalet         40     1   2  2  

4 vs 4 Forward 
   Center                   Wing                     Time % Phy DF OF 
 1 Wojtek Wolski            Henrik Sedin             60     1   2  2  
 2 Daniel Sedin             Victor Oreskovich        40     1   2  2  

4 vs 4 Defense
   Defense                  Defense                  Time % Phy DF OF 
 1 Jason Demers             Andrew Alberts           60     1   2  2  
 2 Mark Stuart              Jonathan Sigalet         40     1   2  2  

Last Minutes Offensive
   Center                   Left Wing                Right Wing               Defense                  Defense                  
   Henrik Sedin             Wojtek Wolski            Victor Oreskovich        Jason Demers             Andrew Alberts           

Last Minutes Defensive
   Center                   Left Wing                Right Wing               Defense                  Defense                  
   Henrik Sedin             Wojtek Wolski            Victor Oreskovich        Jason Demers             Andrew Alberts           

Goaltenders
Starting : Karri Ramo               
Backup : Roberto Luongo           

Extra Forwards
Normal : Curtis Glencross, Kris Chucko, Matt Cooke - PP : Curtis Glencross, Kris Chucko - PK : Matt Cooke
Extra Defensemen
Normal : Nate Prosser, Justin Falk, Mark Stuart - PP : Nate Prosser - PK : Justin Falk, Mark Stuart
Penalty Shots
Wojtek Wolski, Henrik Sedin, Daniel Sedin, Victor Oreskovich, Matt Cooke

% Time on Ice - Panthers

Lines # - Real PCT - Wanted PCT - Time Play
Normal Forward
1 - 33% - 40% - 13:32
2 - 26% - 30% - 10:21
3 - 27% - 20% - 11:01
4 - 14% - 10% - 5:38
Normal Defense
1 - 36% - 40% - 14:36
2 - 36% - 30% - 14:46
3 - 26% - 20% - 10:26
4 - 2% - 10% - 0:44
PP Forward
1 - 64% - 60% - 4:54
2 - 36% - 40% - 2:44
PP Defense
1 - 71% - 60% - 5:27
2 - 29% - 40% - 2:11
PK Forward
1 - 70% - 60% - 8:15
2 - 30% - 40% - 3:35
PK Defense
1 - 71% - 60% - 8:27
2 - 29% - 40% - 3:23
PK3 Forward
1 - 0% - 60%
2 - 0% - 40%
PK3 Defense
1 - 0% - 60%
2 - 0% - 40%
44 Forward
1 - 86% - 60% - 4:18
2 - 14% - 40% - 0:42
44 Defense
1 - 62% - 60% - 3:05
2 - 38% - 40% - 1:55
Last Minute Offensive  - 0:00
Last Minute Defensive  - 0:00
Total
Forward - 65:00
Defense - 65:00

% Time on Ice - Bruins

Lines # - Real PCT - Wanted PCT - Time Play
Normal Forward
1 - 33% - 40% - 13:19
2 - 29% - 30% - 11:42
3 - 30% - 20% - 12:14
4 - 8% - 10% - 3:17
Normal Defense
1 - 39% - 40% - 15:53
2 - 31% - 30% - 12:45
3 - 27% - 20% - 11:08
4 - 2% - 10% - 0:46
PP Forward
1 - 57% - 60% - 6:48
2 - 43% - 40% - 5:02
PP Defense
1 - 63% - 60% - 7:28
2 - 37% - 40% - 4:22
PK Forward
1 - 80% - 60% - 6:08
2 - 20% - 40% - 1:30
PK Defense
1 - 60% - 60% - 4:34
2 - 40% - 40% - 3:04
PK3 Forward
1 - 0% - 60%
2 - 0% - 40%
PK3 Defense
1 - 0% - 60%
2 - 0% - 40%
44 Forward
1 - 74% - 60% - 3:43
2 - 26% - 40% - 1:17
44 Defense
1 - 66% - 60% - 3:19
2 - 34% - 40% - 1:41
Last Minute Offensive  - 0:00
Last Minute Defensive  - 0:00
Total
Forward - 65:00
Defense - 65:00

Play by Play

1st period


0:01 of 1st period - Henrik Sedin wins face-off versus Guillaume Latendresse in neutral zone.
0:10 of 1st period - Snap shot by Wojtek Wolski.
0:10 of 1st period - Goal by Wojtek Wolski - Panthers : 0 - Bruins : 1.
0:11 of 1st period - Scott Gomez wins face-off versus Chris Kelly in neutral zone.
0:40 of 1st period - Icing by Erik Condra.
0:41 of 1st period - Shawn Horcoff wins face-off versus Dave Bolland in Bruins zone.
1:21 of 1st period - Snap shot by Matt Cooke.
1:21 of 1st period - Shot Misses the Net.
1:23 of 1st period - Wrist shot by Erik Condra.
1:23 of 1st period - Deflect By Matt Cooke.
1:23 of 1st period - Shot Misses the Net.
1:23 of 1st period - Puck is out of play.
1:24 of 1st period - Henrik Sedin wins face-off versus Sidney Crosby in Panthers zone.
1:54 of 1st period - Off-side.
1:55 of 1st period - Scott Gomez wins face-off versus Chris Kelly in neutral zone.
2:06 of 1st period - Snap shot by Adam Pineault.
2:06 of 1st period - Shot Blocked by Sergei Samsonov.
2:08 of 1st period - Slapshot by Jonathan Sigalet.
2:08 of 1st period - Stopped by Antti Niemi with a rebound.
2:10 of 1st period - Wrist shot by Daniel Sedin.
2:10 of 1st period - Stopped by Antti Niemi without a rebound.
2:11 of 1st period - Henrik Sedin wins face-off versus Guillaume Latendresse in Panthers zone.
2:36 of 1st period - Henrik Sedin is hit by Oliver Ekman-Larsson and loses puck.
2:51 of 1st period - Wrist shot by Henrik Sedin.
2:51 of 1st period - Shot Misses the Net.
2:53 of 1st period - Slapshot by Jason Demers.
2:53 of 1st period - Stopped by Antti Niemi with a rebound.
3:20 of 1st period - Wrist shot by Scott Gomez.
3:20 of 1st period - Stopped by Karri Ramo with a rebound.
3:34 of 1st period - Wrist shot by Henrik Sedin.
3:34 of 1st period - Shot Blocked by Keith Ballard.
3:36 of 1st period - Slapshot by Justin Falk.
3:36 of 1st period - Shot Blocked by Peter Prucha.
3:52 of 1st period - Slapshot by Wojtek Wolski.
3:52 of 1st period - Goal by Wojtek Wolski - Panthers : 0 - Bruins : 2.
3:53 of 1st period - Chris Kelly wins face-off versus Sidney Crosby in neutral zone.
4:04 of 1st period - Snap shot by Adam Pineault.
4:04 of 1st period - Deflect By Chris Kelly.
4:04 of 1st period - Goal by Chris Kelly - Panthers : 0 - Bruins : 3.
4:05 of 1st period - Sidney Crosby wins face-off versus Chris Kelly in neutral zone.
4:10 of 1st period - Chris Kelly is hit by Matthew Spiller and loses puck.
4:31 of 1st period - Mike Fisher is hit by Matt Cooke and loses puck.
4:38 of 1st period - Slapshot by Keith Aulie.
4:38 of 1st period - Deflect By Ryan Bayda.
4:38 of 1st period - Shot Misses the Net.
4:38 of 1st period - Puck is out of play.
4:39 of 1st period - Mike Fisher wins face-off versus Chris Kelly in Bruins zone.
5:18 of 1st period - Wrist shot by Jeff Tambellini.
5:18 of 1st period - Stopped by Karri Ramo with a rebound.
5:26 of 1st period - Snap shot by Chris Kelly.
5:26 of 1st period - Stopped by Antti Niemi with a rebound.
5:56 of 1st period - Wrist shot by Wojtek Wolski.
5:56 of 1st period - Stopped by Antti Niemi without a rebound.
5:57 of 1st period - Sidney Crosby wins face-off versus Wojtek Wolski in Panthers zone.
6:12 of 1st period - Wrist shot by Sidney Crosby.
6:12 of 1st period - Stopped by Karri Ramo without a rebound.
6:13 of 1st period - Erik Condra wins face-off versus Shawn Horcoff in Bruins zone.
6:34 of 1st period - Minor Penalty to Matthew Spiller for Roughing.
6:35 of 1st period - Henrik Sedin wins face-off versus Sidney Crosby in Panthers zone.
6:38 of 1st period - Wrist shot by Wojtek Wolski.
6:38 of 1st period - Stopped by Antti Niemi with a rebound.
6:40 of 1st period - Snap shot by Henrik Sedin.
6:40 of 1st period - Stopped by Antti Niemi without a rebound.
6:41 of 1st period - Henrik Sedin wins face-off versus Sidney Crosby in Panthers zone.
8:06 of 1st period - Keith Ballard is hit by Daniel Sedin and loses puck.
8:33 of 1st period - Jason Demers is hit by Jeff Tambellini and loses puck.
8:34 of 1st period - Penalty to Matthew Spiller is over, Matthew Spiller is back on ice.
8:55 of 1st period - Icing by Oliver Ekman-Larsson.
8:56 of 1st period - Erik Condra wins face-off versus Shawn Horcoff in Panthers zone.
8:59 of 1st period - Snap shot by Dave Bolland.
8:59 of 1st period - Shot Misses the Net.
9:23 of 1st period - Snap shot by Scott Gomez.
9:23 of 1st period - Stopped by Karri Ramo with a rebound.
9:25 of 1st period - Slapshot by Steve Montador.
9:25 of 1st period - Shot Misses the Net.
9:27 of 1st period - Slapshot by Steve Montador.
9:27 of 1st period - Stopped by Karri Ramo with a rebound.
9:29 of 1st period - Slapshot by Oliver Ekman-Larsson.
9:29 of 1st period - Shot Blocked by Nate Prosser.
9:31 of 1st period - Slapshot by Steve Montador.
9:31 of 1st period - Shot Misses the Net.
10:03 of 1st period - Snap shot by Ryan Bayda.
10:03 of 1st period - Stopped by Karri Ramo without a rebound.
10:04 of 1st period - Chris Kelly wins face-off versus Sidney Crosby in Bruins zone.
10:49 of 1st period - Keith Ballard is hit by Victor Oreskovich and loses puck.
11:10 of 1st period - Snap shot by Marian Hossa.
11:10 of 1st period - Stopped by Karri Ramo with a rebound.
11:41 of 1st period - Wrist shot by Jeff Tambellini.
11:41 of 1st period - Stopped by Karri Ramo without a rebound.
11:42 of 1st period - Marian Hossa wins face-off versus Henrik Sedin in Bruins zone.
11:43 of 1st period - Snap shot by Sidney Crosby.
11:43 of 1st period - Stopped by Karri Ramo with a rebound.
12:15 of 1st period - Snap shot by Sergei Samsonov.
12:15 of 1st period - Shot Misses the Net.
12:17 of 1st period - Slapshot by Steve Montador.
12:17 of 1st period - Shot Blocked by Justin Falk.
12:35 of 1st period - Slapshot by Jeff Tambellini.
12:35 of 1st period - Stopped by Karri Ramo with a rebound.
12:37 of 1st period - Slapshot by Matthew Spiller.
12:37 of 1st period - Deflect By Matt Cooke.
12:37 of 1st period - Stopped by Karri Ramo without a rebound.
12:38 of 1st period - Henrik Sedin wins face-off versus Sidney Crosby in Bruins zone.
12:38 of 1st period - Henrik Sedin is hit by Sidney Crosby.
13:04 of 1st period - Marian Hossa is hit by Andrew Alberts and loses puck.
13:26 of 1st period - Slapshot by Sidney Crosby.
13:26 of 1st period - Shot Blocked by Mark Stuart.
13:34 of 1st period - Snap shot by Guillaume Latendresse.
13:34 of 1st period - Goal by Guillaume Latendresse - Panthers : 1 - Bruins : 3.
13:35 of 1st period - Henrik Sedin wins face-off versus Scott Gomez in neutral zone.
14:00 of 1st period - Jason Demers is hit by Shawn Horcoff and loses puck.
14:11 of 1st period - Wrist shot by Jeff Tambellini.
14:11 of 1st period - Stopped by Karri Ramo without a rebound.
14:12 of 1st period - Sidney Crosby wins face-off versus Henrik Sedin in Bruins zone.
14:15 of 1st period - Wrist shot by Sidney Crosby.
14:15 of 1st period - Shot Blocked by Victor Oreskovich.
14:23 of 1st period - Slapshot by Sidney Crosby.
14:23 of 1st period - Shot Misses the Net.
14:25 of 1st period - Slapshot by Keith Ballard.
14:25 of 1st period - Stopped by Karri Ramo with a rebound.
14:27 of 1st period - Slapshot by Marian Hossa.
14:27 of 1st period - Goal by Marian Hossa - Panthers : 2 - Bruins : 3.
14:28 of 1st period - Henrik Sedin wins face-off versus Sidney Crosby in neutral zone.
14:31 of 1st period - Snap shot by Victor Oreskovich.
14:31 of 1st period - Stopped by Antti Niemi with a rebound.
14:37 of 1st period - Snap shot by Wojtek Wolski.
14:37 of 1st period - Stopped by Antti Niemi without a rebound.
14:38 of 1st period - Henrik Sedin wins face-off versus Sidney Crosby in Panthers zone.
14:59 of 1st period - Snap shot by Victor Oreskovich.
14:59 of 1st period - Shot Blocked by Steve Montador.
15:03 of 1st period - Slapshot by Henrik Sedin.
15:03 of 1st period - Deflect By Guillaume Latendresse.
15:03 of 1st period - Shot Misses the Net.
15:03 of 1st period - Puck is out of play.
15:04 of 1st period - Chris Kelly wins face-off versus Scott Gomez in Panthers zone.
15:09 of 1st period - Snap shot by Daniel Sedin.
15:09 of 1st period - Stopped by Antti Niemi without a rebound.
15:10 of 1st period - Chris Kelly wins face-off versus Scott Gomez in Panthers zone.
15:35 of 1st period - Keith Aulie is hit by Henrik Sedin.
16:17 of 1st period - Snap shot by Mike Fisher.
16:17 of 1st period - Stopped by Karri Ramo with a rebound.
18:32 of 1st period - Wrist shot by Sidney Crosby.
18:32 of 1st period - Stopped by Karri Ramo without a rebound.
18:33 of 1st period - Chris Kelly wins face-off versus Sidney Crosby in Bruins zone.
18:59 of 1st period - Dave Bolland is hit by Sergei Samsonov and loses puck.
19:08 of 1st period - Snap shot by Scott Gomez.
19:08 of 1st period - Stopped by Karri Ramo without a rebound.
19:09 of 1st period - Henrik Sedin wins face-off versus Sidney Crosby in Bruins zone.
19:15 of 1st period - Minor Penalty to Nick Schultz for Hooking.
19:16 of 1st period - Henrik Sedin wins face-off versus Sidney Crosby in Panthers zone.
19:21 of 1st period - Slapshot by Wojtek Wolski.
19:21 of 1st period - Shot Blocked by Sidney Crosby.
Goals for this period are 2 for Panthers vs 3 for Bruins.
Shots for this period are 18 for Panthers vs 13 for Bruins.

2nd period


0:01 of 2nd period - Henrik Sedin wins face-off versus Sidney Crosby in neutral zone.
0:42 of 2nd period - Wrist shot by Victor Oreskovich.
0:42 of 2nd period - Shot Blocked by Matthew Spiller.
0:44 of 2nd period - Slapshot by Victor Oreskovich.
0:44 of 2nd period - Goal by Victor Oreskovich - Panthers : 2 - Bruins : 4.
0:44 of 2nd period - Keith Kinkaid enters game.
0:45 of 2nd period - Guillaume Latendresse wins face-off versus Chris Kelly in neutral zone.
0:57 of 2nd period - Minor Penalty to Chris Kelly for Hooking.
0:58 of 2nd period - Wojtek Wolski wins face-off versus Marian Hossa in Bruins zone.
2:11 of 2nd period - Slapshot by Wojtek Wolski.
2:11 of 2nd period - Shot Misses the Net.
2:57 of 2nd period - Penalty to Chris Kelly is over, Chris Kelly is back on ice.
3:09 of 2nd period - Henrik Sedin is hit by Keith Aulie.
3:35 of 2nd period - Chris Kelly is hit by Shawn Horcoff and loses puck.
4:14 of 2nd period - Wrist shot by Dave Bolland.
4:14 of 2nd period - Deflect By Erik Condra.
4:14 of 2nd period - Stopped by Keith Kinkaid with a rebound.
4:40 of 2nd period - Minor Penalty to Keith Aulie for Kneeing.
4:41 of 2nd period - Chris Kelly wins face-off versus Sidney Crosby in Panthers zone.
4:52 of 2nd period - Backhand shot by Adam Pineault.
4:52 of 2nd period - Deflect By Daniel Sedin.
4:52 of 2nd period - Stopped by Keith Kinkaid with a rebound.
5:04 of 2nd period - Sidney Crosby is hit by Victor Oreskovich and loses puck.
5:49 of 2nd period - Chris Kelly is hit by Oliver Ekman-Larsson and loses puck.
5:56 of 2nd period - Oliver Ekman-Larsson is hit by Jason Demers and loses puck.
6:08 of 2nd period - Icing by Andrew Alberts.
6:09 of 2nd period - Scott Gomez wins face-off versus Curtis Glencross in Bruins zone.
6:18 of 2nd period - Oliver Ekman-Larsson is hit by Andrew Alberts and loses puck.
6:40 of 2nd period - Penalty to Keith Aulie is over, Keith Aulie is back on ice.
6:47 of 2nd period - Snap shot by Alexander Perezhogin.
6:47 of 2nd period - Shot Misses the Net.
6:49 of 2nd period - Snap shot by Jeff Tambellini.
6:49 of 2nd period - Shot Blocked by Erik Condra.
6:53 of 2nd period - Backhand shot by Alexander Perezhogin.
6:53 of 2nd period - Shot Blocked by Andrew Alberts.
6:55 of 2nd period - Slapshot by Keith Aulie.
6:55 of 2nd period - Shot Misses the Net.
7:40 of 2nd period - Icing by Sergei Samsonov.
7:41 of 2nd period - Sidney Crosby wins face-off versus Wojtek Wolski in Panthers zone.
8:00 of 2nd period - Matthew Spiller is hit by Henrik Sedin and loses puck.
8:05 of 2nd period - Wrist shot by Wojtek Wolski.
8:05 of 2nd period - Stopped by Keith Kinkaid with a rebound.
8:23 of 2nd period - Snap shot by Guillaume Latendresse.
8:23 of 2nd period - Stopped by Karri Ramo without a rebound.
8:24 of 2nd period - Scott Gomez wins face-off versus Chris Kelly in Bruins zone.
8:33 of 2nd period - Snap shot by Scott Gomez.
8:33 of 2nd period - Stopped by Karri Ramo with a rebound.
8:46 of 2nd period - Icing by Chris Kelly.
8:47 of 2nd period - Chris Kelly wins face-off versus Shawn Horcoff in Bruins zone.
9:18 of 2nd period - Snap shot by Guillaume Latendresse.
9:18 of 2nd period - Shot Blocked by Victor Oreskovich.
9:20 of 2nd period - Minor Penalty to Nate Prosser for Goalie Interference.
9:21 of 2nd period - Wojtek Wolski wins face-off versus Sidney Crosby in Bruins zone.
9:21 of 2nd period - Wojtek Wolski is hit by Marian Hossa.
9:35 of 2nd period - Wrist shot by Sidney Crosby.
9:35 of 2nd period - Shot Blocked by Henrik Sedin.
10:38 of 2nd period - Victor Oreskovich is hit by Keith Aulie and loses puck.
11:20 of 2nd period - Penalty to Nate Prosser is over, Nate Prosser is back on ice.
11:31 of 2nd period - Minor Penalty to Alexander Perezhogin for Roughing.
11:32 of 2nd period - Henrik Sedin wins face-off versus Sidney Crosby in Panthers zone.
12:33 of 2nd period - Icing by Henrik Sedin.
12:34 of 2nd period - Henrik Sedin wins face-off versus Ryan Bayda in Bruins zone.
12:47 of 2nd period - Daniel Sedin is hit by Guillaume Latendresse and loses puck.
13:31 of 2nd period - Penalty to Alexander Perezhogin is over, Alexander Perezhogin is back on ice.
13:38 of 2nd period - Jeff Tambellini is hit by Matt Cooke and loses puck.
14:50 of 2nd period - Peter Prucha is hit by Matt Cooke and loses puck.
15:02 of 2nd period - Nick Schultz is hit by Mark Stuart and loses puck.
16:26 of 2nd period - Sergei Samsonov is hit by Victor Oreskovich.
16:32 of 2nd period - Minor Penalty to Wojtek Wolski for Hooking.
16:33 of 2nd period - Sidney Crosby wins face-off versus Matt Cooke in Bruins zone.
17:03 of 2nd period - Andrew Alberts is hit by Scott Gomez.
18:32 of 2nd period - Penalty to Wojtek Wolski is over, Wojtek Wolski is back on ice.
18:41 of 2nd period - Wrist shot by Shawn Horcoff.
18:41 of 2nd period - Shot Misses the Net.
18:43 of 2nd period - Slapshot by Keith Ballard.
18:43 of 2nd period - Deflect By Chris Kelly.
18:43 of 2nd period - Stopped by Karri Ramo without a rebound.
18:44 of 2nd period - Shawn Horcoff wins face-off versus Dave Bolland in Bruins zone.
18:44 of 2nd period - Shawn Horcoff is hit by Justin Falk.
18:48 of 2nd period - Snap shot by Jeff Tambellini.
18:48 of 2nd period - Stopped by Karri Ramo with a rebound.
19:16 of 2nd period - Snap shot by Henrik Sedin.
19:16 of 2nd period - Stopped by Keith Kinkaid with a rebound.
19:35 of 2nd period - Minor Penalty to Jonathan Sigalet for Hooking.
19:36 of 2nd period - Sidney Crosby wins face-off versus Wojtek Wolski in Bruins zone.
19:36 of 2nd period - Snap shot by Marian Hossa.
19:36 of 2nd period - Shot Blocked by Wojtek Wolski.
19:38 of 2nd period - Wrist shot by Steve Montador.
19:38 of 2nd period - Stopped by Karri Ramo without a rebound.
19:39 of 2nd period - Sidney Crosby wins face-off versus Wojtek Wolski in Bruins zone.
19:52 of 2nd period - Snap shot by Marian Hossa.
19:52 of 2nd period - Shot Misses the Net.
19:54 of 2nd period - Slapshot by Oliver Ekman-Larsson.
19:54 of 2nd period - Deflect By Marian Hossa.
19:54 of 2nd period - Goal by Marian Hossa - Panthers : 3 - Bruins : 4.
19:55 of 2nd period - Henrik Sedin wins face-off versus Sidney Crosby in neutral zone.
Goals for this period are 1 for Panthers vs 1 for Bruins.
Shots for this period are 6 for Panthers vs 5 for Bruins.

3rd period


0:01 of 3rd period - Henrik Sedin wins face-off versus Sidney Crosby in neutral zone.
0:14 of 3rd period - Minor Penalty to Marian Hossa for Holding Stick.
0:15 of 3rd period - Sidney Crosby wins face-off versus Henrik Sedin in Panthers zone.
0:40 of 3rd period - Wrist shot by Chris Kelly.
0:40 of 3rd period - Goal by Chris Kelly - Panthers : 3 - Bruins : 5.
0:41 of 3rd period - Sidney Crosby wins face-off versus Henrik Sedin in neutral zone.
1:08 of 3rd period - Steve Montador is hit by Adam Pineault and loses puck.
1:34 of 3rd period - Minor Penalty to Andrew Alberts for Roughing.
1:35 of 3rd period - Sidney Crosby wins face-off versus Wojtek Wolski in Bruins zone.
1:43 of 3rd period - Snap shot by Guillaume Latendresse.
1:43 of 3rd period - Goal by Guillaume Latendresse - Panthers : 4 - Bruins : 5.
1:44 of 3rd period - Sidney Crosby wins face-off versus Victor Oreskovich in neutral zone.
2:02 of 3rd period - Minor Penalty to Henrik Sedin for Elbowing.
2:03 of 3rd period - Wojtek Wolski wins face-off versus Sidney Crosby in Bruins zone.
2:09 of 3rd period - Snap shot by Wojtek Wolski.
2:09 of 3rd period - Stopped by Keith Kinkaid with a rebound.
2:11 of 3rd period - Wrist shot by Wojtek Wolski.
2:11 of 3rd period - Stopped by Keith Kinkaid without a rebound.
2:12 of 3rd period - Wojtek Wolski wins face-off versus Sidney Crosby in Panthers zone.
2:13 of 3rd period - Backhand shot by Matt Cooke.
2:13 of 3rd period - Shot Blocked by Steve Montador.
3:05 of 3rd period - Jonathan Sigalet is hit by Steve Montador.
3:15 of 3rd period - Wrist shot by Marian Hossa.
3:15 of 3rd period - Goal by Marian Hossa - Panthers : 5 - Bruins : 5.
3:16 of 3rd period - Chris Kelly wins face-off versus Scott Gomez in neutral zone.
5:07 of 3rd period - Slapshot by Oliver Ekman-Larsson.
5:07 of 3rd period - Deflect By Alexander Perezhogin.
5:07 of 3rd period - Stopped by Karri Ramo with a rebound.
5:17 of 3rd period - Wrist shot by Wojtek Wolski.
5:17 of 3rd period - Stopped by Keith Kinkaid with a rebound.
5:35 of 3rd period - Chris Kelly is hit by Marian Hossa and loses puck.
6:53 of 3rd period - Matthew Spiller is hit by Victor Oreskovich and loses puck.
7:13 of 3rd period - Icing by Guillaume Latendresse.
7:14 of 3rd period - Scott Gomez wins face-off versus Matt Cooke in Panthers zone.
7:21 of 3rd period - Erik Condra is hit by Sergei Samsonov and loses puck.
7:51 of 3rd period - Minor Penalty to Steve Montador for Hooking.
7:52 of 3rd period - Henrik Sedin wins face-off versus Sidney Crosby in Panthers zone.
8:00 of 3rd period - Snap shot by Henrik Sedin.
8:00 of 3rd period - Stopped by Keith Kinkaid with a rebound.
8:02 of 3rd period - Backhand shot by Henrik Sedin.
8:02 of 3rd period - Shot Misses the Net.
8:04 of 3rd period - Wrist shot by Victor Oreskovich.
8:04 of 3rd period - Shot Misses the Net.
8:08 of 3rd period - Slapshot by Henrik Sedin.
8:08 of 3rd period - Stopped by Keith Kinkaid with a rebound.
9:32 of 3rd period - Sidney Crosby is hit by Henrik Sedin and loses puck.
9:51 of 3rd period - Penalty to Steve Montador is over, Steve Montador is back on ice.
9:53 of 3rd period - Oliver Ekman-Larsson is hit by Jonathan Sigalet and loses puck.
10:57 of 3rd period - Wrist shot by Jeff Tambellini.
10:57 of 3rd period - Shot Hit the Post.
11:03 of 3rd period - Snap shot by Shawn Horcoff.
11:03 of 3rd period - Shot Misses the Net.
11:20 of 3rd period - Off-side.
11:21 of 3rd period - Chris Kelly wins face-off versus Scott Gomez in neutral zone.
11:34 of 3rd period - Chris Kelly is hit by Scott Gomez and loses puck.
12:14 of 3rd period - Keith Aulie is hit by Erik Condra and loses puck.
13:05 of 3rd period - Snap shot by Marian Hossa.
13:05 of 3rd period - Shot Blocked by Adam Pineault.
13:49 of 3rd period - Wrist shot by Sidney Crosby.
13:49 of 3rd period - Deflect By Guillaume Latendresse.
13:49 of 3rd period - Shot Misses the Net.
13:49 of 3rd period - Puck is out of play.
13:50 of 3rd period - Sidney Crosby wins face-off versus Dave Bolland in Bruins zone.
14:47 of 3rd period - Off-side.
14:48 of 3rd period - Chris Kelly wins face-off versus Matt Halischuk in neutral zone.
15:31 of 3rd period - Matt Cooke is hit by Shawn Horcoff.
15:32 of 3rd period - Matt Cooke from Bruins is injured at 15:32 of 3rd period (Left Forearm).
15:33 of 3rd period - Viktor Stalberg wins face-off versus Sidney Crosby in Bruins zone.
15:38 of 3rd period - Snap shot by Sidney Crosby.
15:38 of 3rd period - Shot Misses the Net.
15:40 of 3rd period - Slapshot by Marian Hossa.
15:40 of 3rd period - Stopped by Karri Ramo with a rebound.
16:00 of 3rd period - Peter Prucha is hit by Chris Kelly and loses puck.
16:22 of 3rd period - Off-side.
16:23 of 3rd period - Shawn Horcoff wins face-off versus Dave Bolland in neutral zone.
16:39 of 3rd period - Minor Penalty to Alexander Perezhogin for Slashing.
16:40 of 3rd period - Henrik Sedin wins face-off versus Sidney Crosby in Panthers zone.
17:00 of 3rd period - Wojtek Wolski is hit by Steve Montador and loses puck.
18:13 of 3rd period - Sergei Samsonov is hit by Chris Kelly and loses puck.
18:39 of 3rd period - Penalty to Alexander Perezhogin is over, Alexander Perezhogin is back on ice.
18:50 of 3rd period - Wrist shot by Curtis Glencross.
18:50 of 3rd period - Deflect By Dave Bolland.
18:50 of 3rd period - Stopped by Keith Kinkaid without a rebound.
18:51 of 3rd period - Shawn Horcoff wins face-off versus Curtis Glencross in Panthers zone.
19:00 of 3rd period - Snap shot by Dave Bolland.
19:00 of 3rd period - Shot Misses the Net.
19:06 of 3rd period - Keith Ballard is hit by Dave Bolland.
19:23 of 3rd period - Mark Stuart is hit by Guillaume Latendresse and loses puck.
19:36 of 3rd period - Oliver Ekman-Larsson is hit by Victor Oreskovich.
19:48 of 3rd period - Nate Prosser is hit by Jeff Tambellini and loses puck.
Goals for this period are 2 for Panthers vs 1 for Bruins.
Shots for this period are 4 for Panthers vs 7 for Bruins.

Overtime #1


0:01 of 1st overtime period - Wojtek Wolski wins face-off versus Sidney Crosby in neutral zone.
0:14 of 1st overtime period - Wrist shot by Guillaume Latendresse.
0:14 of 1st overtime period - Deflect By Sidney Crosby.
0:14 of 1st overtime period - Shot Misses the Net.
0:14 of 1st overtime period - Puck is out of play.
0:15 of 1st overtime period - Sidney Crosby wins face-off versus Wojtek Wolski in Bruins zone.
0:22 of 1st overtime period - Wrist shot by Guillaume Latendresse.
0:22 of 1st overtime period - Shot Misses the Net.
0:24 of 1st overtime period - Snap shot by Sidney Crosby.
0:24 of 1st overtime period - Stopped by Karri Ramo with a rebound.
0:26 of 1st overtime period - Snap shot by Guillaume Latendresse.
0:26 of 1st overtime period - Stopped by Karri Ramo with a rebound.
0:28 of 1st overtime period - Slapshot by Steve Montador.
0:28 of 1st overtime period - Shot Blocked by Andrew Alberts.
0:48 of 1st overtime period - Jason Demers is hit by Keith Aulie and loses puck.
1:03 of 1st overtime period - Wrist shot by Scott Gomez.
1:03 of 1st overtime period - Deflect By Daniel Sedin.
1:03 of 1st overtime period - Stopped by Karri Ramo with a rebound.
1:05 of 1st overtime period - Snap shot by Marian Hossa.
1:05 of 1st overtime period - Shot Misses the Net.
1:07 of 1st overtime period - Slapshot by Oliver Ekman-Larsson.
1:07 of 1st overtime period - Deflect By Marian Hossa.
1:07 of 1st overtime period - Shot Blocked by Jason Demers.
1:07 of 1st overtime period - Puck is out of play.
1:08 of 1st overtime period - Sidney Crosby wins face-off versus Wojtek Wolski in Bruins zone.
1:34 of 1st overtime period - Marian Hossa is hit by Victor Oreskovich and loses puck.
2:05 of 1st overtime period - Snap shot by Mike Fisher.
2:05 of 1st overtime period - Shot Misses the Net.
2:40 of 1st overtime period - Victor Oreskovich is hit by Marian Hossa and loses puck.
2:57 of 1st overtime period - Jason Demers is hit by Keith Aulie and loses puck.
4:01 of 1st overtime period - Justin Falk is hit by Scott Gomez and loses puck.
4:43 of 1st overtime period - Icing by Scott Gomez.
4:44 of 1st overtime period - Scott Gomez wins face-off versus Wojtek Wolski in Panthers zone.
4:55 of 1st overtime period - Sidney Crosby is hit by Victor Oreskovich and loses puck.
Goals for this period are 0 for Panthers vs 0 for Bruins.
Shots for this period are 3 for Panthers vs 0 for Bruins.

ShootOut


5:00 of 1st overtime period - Penalty Shot by Sidney Crosby for Panthers.
5:00 of 1st overtime period - Deke by Sidney Crosby.
5:00 of 1st overtime period - Goal by Sidney Crosby.
5:00 of 1st overtime period - Penalty Shot by Wojtek Wolski for Bruins.
5:00 of 1st overtime period - Snap shot by Wojtek Wolski.
5:00 of 1st overtime period - Stopped by Keith Kinkaid.
5:00 of 1st overtime period - Penalty Shot by Sergei Samsonov for Panthers.
5:00 of 1st overtime period - Backhand shot by Sergei Samsonov.
5:00 of 1st overtime period - Shot Misses the Net.
5:00 of 1st overtime period - Penalty Shot by Henrik Sedin for Bruins.
5:00 of 1st overtime period - Snap shot by Henrik Sedin.
5:00 of 1st overtime period - Stopped by Keith Kinkaid.
5:00 of 1st overtime period - Penalty Shot by Peter Prucha for Panthers.
5:00 of 1st overtime period - Wrist shot by Peter Prucha.
5:00 of 1st overtime period - Stopped by Karri Ramo.
5:00 of 1st overtime period - Penalty Shot by Daniel Sedin for Bruins.
5:00 of 1st overtime period - Wrist shot by Daniel Sedin.
5:00 of 1st overtime period - Shot Misses the Net.